 Dungeon Crawl Stone Soup version 0.28.0 (webtiles) character file.

Game seed: 10395059400093691218

5 willcat the Skirmisher (level 1, -1/20 HPs)
             Began as a Djinni Cinder Acolyte on Feb 4, 2022.
             Was a High Priest of Ignis.
             Slain by a dart slug (3 damage)
             ... on level 1 of the Dungeon.
             The game lasted 00:00:10 (49 turns).

willcat the Skirmisher (Djinni Cinder Acolyte)        Turns: 49, Time: 00:00:10

Health: -1/20      AC:  2    Str: 13    XL:     1   Next: 88%
Gold:   0          EV: 11    Int: 15    God:    Ignis [*****.] SH:  0 Dex:  8

rFire   + + +      SeeInvis .   a - -1 falchion (flame)
rCold   x . .      Faith    .   (no shield)
rNeg    . . .      Spirit   .   b - +0 robe
rPois   ∞          Reflect  .   (no helmet)
rElec   .          Harm     .   (no cloak)
rCorr   .          Rampage  .   (no gloves)
Will    .....                   (boots unavailable)
Stlth   +.........              (no amulet)
HPRegen 0.06/turn               (no ring)
MPRegen 0.00/turn               (no ring)

@: flying
A: sickness immunity, fire resistance 2, cold vulnerability 1, float, innate
caster, HP casting, extra vitality 1
a: Renounce Religion, Fiery Armour, Foxfire Swarm, Rising Flame


You were on level 1 of the Dungeon.
You worshipped Ignis.
Ignis was extremely pleased with you.
You visited 1 branch of the dungeon, and saw 1 of its levels.

Inventory:

Hand Weapons
 a - a -1 falchion of flaming (weapon)
Armour
 b - a +0 robe (worn)


   Skills:
 + Level 3.0 Fighting
 + Level 2.7 Long Blades
 + Level 0.3 Armour
 + Level 0.3 Dodging
 + Level 2.4 Spellcasting


You had 2 spell levels left.
You knew the following spells:

 Your Spells              Type           Power      Damage    Failure   Level
a - Scorch                Fire           18%        2d5       12%         2
Your spell library was empty.

Dungeon Overview and Level Annotations

Branches:
Dungeon (1/15)

Altars:


Innate Abilities, Weirdness & Mutations

You are immune to sickness and miasma.
You are immune to poison.
Your flesh is very heat resistant. (rF++)
You are vulnerable to cold. (rC-)
You float through the air rather than walking.
You learn spells naturally, not from books.
Your magical power is your life essence.
You have superior vitality. (+4 MHP)


Message History

You are too injured to fight recklessly!
Unknown command.
You barely miss the hobgoblin. The hobgoblin hits you.
* * * LOW HITPOINT WARNING * * *
You closely miss the hobgoblin. The hobgoblin barely misses you.
The hobgoblin hits you.
* * * LOW HITPOINT WARNING * * *
You hit the hobgoblin but do no damage. The hobgoblin misses you.
You barely miss the hobgoblin. The hobgoblin closely misses you.
You hit the hobgoblin. You burn the hobgoblin.
The hobgoblin is heavily wounded.
The hobgoblin misses you.
You hit the hobgoblin. You burn the hobgoblin.
You kill the hobgoblin!
You barely miss the goblin. The goblin hits you with a +0 dagger.
* * * LOW HITPOINT WARNING * * *
You slash the goblin! You burn the goblin.
You kill the goblin!
You hit the hobgoblin. You burn the hobgoblin.
The hobgoblin is moderately wounded.
The hobgoblin hits you.
* * * LOW HITPOINT WARNING * * *
You hit the hobgoblin. You burn the hobgoblin.
The hobgoblin is almost dead.
The hobgoblin misses you.
You hit the hobgoblin. You burn the hobgoblin.
You kill the hobgoblin!
The dart slug launches a dart at you. The slug dart misses you.
The dart slug launches a dart at you. The slug dart misses you.
Things that are here:
a +0 dagger; a hobgoblin corpse; a goblin corpse You barely miss the dart slug.
The dart slug misses you.
You hit the dart slug. You burn the dart slug.
The dart slug is moderately wounded.
You hit the dart slug but do no damage.
The dart slug is moderately wounded.
The dart slug bites you.
You die...

#..'.....#
#..#..8.<#
#######..+.....#
........##.....#
#######.########
#.......#
##.###### #.#
..##### #@#
.......##w#
......g†..#
......!####
...w... .......
....... ..#####
#


You could see a dart slug.

Vanquished Creatures
  A goblin (D:1)
  2 hobgoblins (D:1)
  A quokka (D:1)
4 creatures vanquished.

Notes
Turn   | Place    | Note
-------+----------+-------------------------------------------
     0 | D:1      | willcat the Djinni Cinder Acolyte began the quest for the
                  | Orb.
     0 | D:1      | Reached XP level 1. HP: 20/20 MP: 0/0
    43 | D:1      | HP: 1/20 [hobgoblin (1)]
    49 | D:1      | Slain by a dart slug

Illustrated notes

Levels and vault maps discovered:
D:1:      minmay_arrival_solitary_statue, layout_basic,
          ebering_ecumenical_altar_box, grunt_decor_arrowhead, dk_noncrumbling_2

Action                   || total
-------------------------++-------
Melee: Falchion          ||    19
Dodge: Dodged            ||    11
